 Dungeon Crawl Stone Soup version 0.22-a0-879-g615c57abe7 (webtiles) character file.

29 LLavrengius the Grasshopper (level 3, 0/33 HPs)
             Began as a Naga Warper on July 30, 2018.
             Slain by a worm (3 damage)
             ... on level 2 of the Dungeon.
             The game lasted 00:02:45 (1084 turns).

LLavrengius the Grasshopper (Naga Warper)           Turns: 1084, Time: 00:02:46

Health: 0/33       AC:  6    Str: 13    XL:     3   Next: 16%
Magic:  6/6        EV:  7    Int: 14    God:
Gold:   80         SH:  0    Dex: 10    Spells: 7/7 levels left

rFire    . . .     SeeInvis +   a - +0 spear
rCold    . . .     Gourm    .   (no shield)
rNeg     . . .     Faith    .   b - +0 leather armour
rPois    +         Spirit   .   (no helmet)
rElec    .         Reflect  .   (no cloak)
rCorr    .         Harm     .   (no gloves)
MR       .....                  j - +0 naga barding (curse)
Stlth    +.........             (no amulet)
HPRegen  0.11/turn              (no ring)
MPRegen  0.10/turn              (no ring)

@: very slow
A: large, see invisible, deformed body, poison resistance, slowness 2, slow
metabolism 1, spit poison 1, AC +1
a: Spit Poison


You were on level 2 of the Dungeon.
You were not hungry.

You visited 1 branch of the dungeon, and saw 2 of its levels.

You collected 80 gold pieces.

Inventory:

Hand Weapons
 a - a +0 spear (weapon)
Missiles
 e - 5 tomahawks of dispersal (quivered)
 g - 6 javelins
 k - 8 poisoned needles
 l - 34 stones
Armour
 b - a +0 leather armour (worn)
 j - a cursed +0 naga barding (worn)
Scrolls
 d - a scroll of blinking
 h - 2 scrolls of identify {unknown}
 i - 3 scrolls of remove curse {unknown}
 n - a scroll of noise {unknown}
 o - 2 scrolls of enchant weapon {unknown}
 p - a scroll of teleportation {unknown}
 q - a scroll of magic mapping {unknown}
Potions
 c - a potion of cancellation {unknown}
 m - 5 potions of curing {unknown}
Comestibles
 f - 5 rations


   Skills:
 + Level 2.5 Fighting
 + Level 2.6 Polearms
 - Level 0.8 Throwing
 - Level 0.7 Armour
 - Level 1.5 Dodging
 + Level 2.5 Spellcasting
   Level 3.0 Translocations


You had 7 spell levels left.
You didn't know any spells.
Your spell library contained the following spells:

 Spells                   Type           Power        Failure   Level  Hunger
 Teleport Other           Tloc           ##......     26%         3    ###....
 Blink                    Tloc           N/A          13%         2    ###....
 Passage of Golubria      Tloc           N/A          63%         4    #####..
 Shroud of Golubria       Chrm/Tloc      #.........   24%         2    ###....
 Gell's Gravitas          Tloc           ##........   26%         3    ###....
 Lesser Beckoning         Tloc           ##........   26%         3    ###....


Dungeon Overview and Level Annotations

Branches:
Dungeon (2/15)

Altars:


Innate Abilities, Weirdness & Mutations

You cannot wear boots.
Your serpentine skin is tough. (AC +1)
You have supernaturally acute eyesight. (SInv)
Armour fits poorly on your strangely shaped body.
Your system is resistant to poisons. (rPois)
You cover ground very slowly.
You have a slow metabolism.
You can spit poison.


Message History

You hit the worm.
The worm is moderately wounded.
The worm bites you!
* * * LOW HITPOINT WARNING * * *
You hit the worm.
The worm is heavily wounded.
You hit the worm but do no damage.
The worm is heavily wounded.
The worm bites you.
* * * LOW HITPOINT WARNING * * *
You barely miss the worm.
The worm is heavily wounded.
The worm bites you.
* * * LOW HITPOINT WARNING * * *
You hit the worm.
The worm is severely wounded.
You hit the worm.
The worm is severely wounded.
The worm bites you.
You die...

##'######
#.# #.# #.#
#.# #.# #.#
#.# #@#
###w###.#.#
#.........#
#.........#
#.........#
#..........
#........##
#....$...#
#......(.#


You could see a worm.

Vanquished Creatures
  An adder (D:2)
  A dart slug (D:1)
  A leopard gecko (D:1)
  2 bats (D:2)
  A giant cockroach (D:1)
  4 hobgoblins
  A jackal (D:1)
  3 frilled lizards (D:2)
  A kobold (D:1)
  3 rats (D:1)
18 creatures vanquished.

Notes
Turn   | Place    | Note
-------+----------+-------------------------------------------
     0 | D:1      | LLavrengius the Naga Warper began the quest for the Orb.
     0 | D:1      | Reached XP level 1. HP: 19/19 MP: 3/3
   319 | D:1      | Reached XP level 2. HP: 26/26 MP: 5/5
   474 | D:1      | You fall through a shaft!
  1067 | D:2      | Reached XP level 3. HP: 22/33 MP: 6/6
  1084 | D:2      | Slain by a worm

Vault maps used:
D:1:      evilmike_arrival_plus, minmay_tripent

Action                   || total
-------------------------++-------
Melee: Spear             ||    96
Armor: Leather armour    ||    42
Dodge: Dodged            ||    31

Table legend:
 A = Spawn XP
 B = Non-spawn XP
 C = Spawn XP percentage of total XP
 D = Spawn monster count
 E = Non-spawn monster count
 F = Spawn count percentage of total count
 G = Total turns spent on level
                    A         B        C        D         E        F      G
               +---------+---------+-------+---------+---------+-------+---------
         Total |       0 |      42 |   0.0 |       0 |      18 |   0.0 |  1084
               +---------+---------+-------+---------+---------+-------+---------
           D:1 |       0 |      21 |   0.0 |       0 |      11 |   0.0 |   671
           D:2 |       0 |      21 |   0.0 |       0 |       7 |   0.0 |   413
               +---------+---------+-------+---------+---------+-------+---------
